 Dungeon Crawl Stone Soup version 0.32-a0-391-gce5c0aab1b (webtiles) character file.

Game seed: 6973725380742416012

95220 cforsyth the Warrior (level 16, -5/135 HPs)
             Began as a Djinni Fire Elementalist on Feb 19, 2024.
             Slain by a +10 long sword (21 damage)
             ... on level 14 of the Dungeon.
             The game lasted 01:26:46 (39350 turns).

cforsyth the Warrior (Djinni Fire Elementalist)    Turns: 39350, Time: 01:26:47

Health: -5/135     AC: 22    Str:  7    XL:     16   Next: 62%
Gold:   2816       EV:  8    Int: 25    God:
                   SH:  5    Dex: 14

rFire   + . .        a - staff of cold {!a}
rCold   + . .        (no shield)
rNeg    + . .        B - +7 scale mail of the Beekeeper {rN+}
rPois   ∞            (no helmet)
rElec   .            Q - +1 cloak
rCorr   .            k - +2 pair of gloves
SInv    .            (boots unavailable)
Will    +....        J - amulet of reflection Stlth
                     C - ring of ice
HPRegen 0.42/turn    T - +4 ring of protection
MPRegen 0.00/turn

%: reflection, infuse magic (-6 HP)
@: about to teleport, flying, hasted, very quick
A: sickness immunity, fire resistance 2, cold vulnerability 1, float, innate
caster, HP casting, extra vitality 1
a: no special abilities


You were on level 14 of the Dungeon.
You visited 4 branches of the dungeon, and saw 23 of its levels.
You visited 1 bazaar.
You also visited: Ice Cave.

You collected 3398 gold pieces.
You spent 582 gold pieces at shops.


Innate Abilities, Weirdness & Mutations

You are immune to sickness and miasma.
You are immune to poison.
Your flesh is very heat resistant. (rF++)
You are vulnerable to cold. (rC-)
You float through the air rather than walking.
You learn spells naturally, not from books.
Your magical power is your life essence.
You have superior vitality. (+4 MHP)


   Skills:
 - Level 19.3 Fighting
 + Level 5.8 Dodging
 - Level 1.5 Stealth
 + Level 4.7 Shields
 + Level 15.6 Spellcasting
 + Level 15.6 Conjurations
 + Level 15.6 Hexes
 + Level 15.6 Summonings
 + Level 15.6 Necromancy
 + Level 15.6 Translocations
 + Level 15.6 Fire Magic
 + Level 15.6 Ice Magic
 + Level 15.6 Air Magic
 + Level 15.6 Earth Magic
 + Level 15.6 Alchemy


You knew the following spells:

 Your Spells              Type           Power      Damage    Failure   Level
a - Kiss of Death         Conj/Necr      100%       2d13      1%          1
b - Mercury Vapours       Alch/Air       100%       N/A       1%          2
c - Fugue of the Fallen   Necr           78%        N/A       1%          3
f - Foxfire               Conj/Fire      100%       2x1d9     1%          1
m - Metabolic Englaciati  Hex/Ice        60%        N/A       1%          5
r - Inner Flame           Hex/Fire       78%        N/A       1%          3
s - Sculpt Simulacrum     Ice/Alch       60%        N/A       10%         6
v - Vampiric Draining     Necr           78%        2d11      1%          3
y - Curse of Agony        Necr           78%        N/A       1%          5
X - Scorch                Fire           100%       2d9       1%          2
Y - Volatile Blastmotes   Fire/Tloc      100%       2d18      1%          3
Z - Flame Wave            Conj/Fire      78%        2d17      1%          4
Your spell library was empty.

Inventory:

Missiles
 O - 4 throwing nets {=f}
Armour
 k - a +2 pair of gloves (worn)
 B - the +7 scale mail of the Beekeeper (worn) {rN+}
   (You found it on level 5 of the Dungeon)

   rN+:       It protects you from negative energy.
 Q - a +1 cloak (worn)
Magical Staves
 a - a staff of cold (weapon) {!a}
 w - a staff of earth {!a}
Jewellery
 l - the amulet "Teidar" {Reflect rElec Will- Str+4 Dex+3 SH+5}
   (You found it in an ice cave)

   [amulet of reflection]

   Reflect:   It reflects blocked missile attacks.
   Str+4:     It affects your strength (+4).
   Dex+3:     It affects your dexterity (+3).
   rElec:     It insulates you from electricity.
   Will-:     It decreases your willpower.
   SH+5:      It affects your SH (+5).
 C - a ring of ice (left hand)
 D - a +6 ring of dexterity
 J - an amulet of reflection (around neck)
 N - a ring of positive energy
 T - a +4 ring of protection (right hand)
 Z - a ring of wizardry
Wands
 o - a wand of iceblast (7)
 v - a wand of digging (2)
 G - a wand of flame (26)
 H - a wand of paralysis (18)
 P - a wand of mindburst (15)
Scrolls
 b - 6 scrolls of teleportation {@r2}
 e - a scroll of fear {unknown}
 f - 2 scrolls of summoning
 h - 4 scrolls of torment
 i - 3 scrolls of immolation
 m - a scroll of silence {!r}
 q - 2 scrolls of noise
 y - 2 scrolls of vulnerability
 A - 4 scrolls of fog
 F - a scroll of enchant armour {unknown}
 L - a scroll of brand weapon
 R - a scroll of blinking
Potions
 c - 3 potions of might
 d - 5 potions of curing {@q1}
 g - 2 potions of resistance
 j - 2 potions of ambrosia
 n - 3 potions of invisibility
 p - 2 potions of haste {@q3}
 r - 4 potions of attraction
 s - 3 potions of lignification
 t - 2 potions of enlightenment {unknown}
 u - 3 potions of experience {unknown}
 x - 7 potions of brilliance
 z - 3 potions of berserk rage {!q}
 E - a potion of mutation
 I - a potion of heal wounds {@q2}
 K - a potion of magic {unknown}
 M - a potion of cancellation

Dungeon Overview and Level Annotations

Branches:
Dungeon (15/15)            Temple (0/1) D:5            Lair (5/5) D:11
 Shoals (0/4) Lair:2        Snake (0/4) Lair:2        Slime (0/5) Lair:4
    Orc (2/2) D:9             Elf (1/3) Orc:2         IceCv (visited)
 Vaults: D:13-14     Depths: D:15

Altars:
Yredelemnul
Jiyva

Shops:
D:6 *   D:10 *   D:12 *   Orc:2 [*:(

Portals:
Trove: D:12 (give +3 ice dragon scales)

Annotations:
Lair:5 3 runed translucent doors, exclusion: obsidian statue, ytrimaz's ghost, journeyman CoGl

####.......#......#####...##.....
#.........#..........#.# ###..
#....................#.## .
#.......##................
#.......#..............###
#.......#..............#
#.......#..............#
#.......#.<............###
#.......#....@{.§.........
##......§°§.....#
#......§§§Z.#.## #.......p......#
#...........##### #...........#
#...........# ##..........#
##...#..:###


You could see a vault guard (inner flame, ally target), a +10 long sword and a
friendly vault guard simulacrum.


Message History

Your orc warrior simulacrum vaporises!
The fiery explosion engulfs your orc warrior simulacrum!!!!
Your orc warrior simulacrum melts!
Your orc warrior simulacrum vaporises!
The fiery explosion engulfs your vault guard simulacrum!!!
Your vault guard simulacrum melts!
Your vault guard simulacrum vaporises!
You hear a sizzling sound!
The fiery explosion engulfs the +10 long sword.
The +10 long sword resists.
The +10 long sword is lightly damaged.
The fiery explosion engulfs the vault guard!!
Flame seeps out of the vault guard.
The vault guard is moderately wounded.
The vault guard is engulfed in blazing flames.
Flame seeps out of the vault guard.
The vault guard attacks as it pursues you!
The vault guard hits you with a +3 long sword!
* * * LOW HITPOINT WARNING * * *
Unknown command.
Unknown command.
Unknown command.
The +10 long sword is engulfed in blazing flames.
Press: ? - help, v - describe, . - travel
Here: a +10 long sword (flame, lightly damaged)
The floor.
The +10 long sword is engulfed in blazing flames.
As you read the scroll of teleportation {@r2}, it crumbles to dust.
You feel strangely unstable. The +10 long sword hits you!!
You die...

Skill      XL: |  1  2  3  4  5  6  7  8  9 10 11 12 13 14 15 16 |
---------------+-------------------------------------------------+-----
Fighting       | 1 2 3 5 7 9 11 13 14 16 17 19 | 19.3
Spellcasting   | 4 5 6 7 9 10 11 12 14 15 | 15.6
Conjurations   | 4 5 6 7 9 10 11 12 14 15 | 15.6
Hexes          | 4 5 6 7 9 10 11 12 14 15 | 15.6
Summonings     | 4 5 6 7 9 10 11 12 14 15 | 15.6
Necromancy     | 4 5 6 7 9 10 11 12 14 15 | 15.6
Translocations | 4 5 6 7 9 10 11 12 14 15 | 15.6
Fire Magic     | 4 5 6 7 9 10 11 12 14 15 | 15.6
Ice Magic      | 4 5 6 7 9 10 11 12 14 15 | 15.6
Air Magic      | 4 5 6 7 9 10 11 12 14 15 | 15.6
Earth Magic    | 4 5 6 7 9 10 11 12 14 15 | 15.6
Alchemy        | 4 5 6 7 9 10 11 12 14 15 | 15.6
Shields        | 4 |  4.7
Dodging        | 5 |  5.8
Stealth        | |  1.5

Action                     |  1- 3 |  4- 6 |  7- 9 | 10-12 | 13-15 | 16-18 || total
---------------------------+-------+-------+-------+-------+-------+-------++-------
  Melee: Unarmed           |     5 |       |       |       |       |       ||     5
   Cast: Foxfire           |    68 |   150 |   281 |   323 |   493 |   109 ||  1424
         Scorch            |     2 |     6 |    17 |    73 |   230 |    68 ||   396
         Inner Flame       |       |    13 |    43 |   110 |   253 |    69 ||   488
         Flame Wave        |       |       |     1 |    12 |    34 |     5 ||    52
         Vampiric Draining |       |       |       |     3 |       |       ||     3
         Volatile Blastmot |       |       |       |    14 |    24 |       ||    38
         Metabolic Englaci |       |       |       |       |    39 |    10 ||    49
         Mercury Vapours   |       |       |       |       |     4 |       ||     4
         Sculpt Simulacrum |       |       |       |       |       |     2 ||     2
  Evoke: Wand              |       |       |       |     5 |     5 |     4 ||    14
    Use: Scroll            |       |       |     5 |    20 |     7 |     4 ||    36
         Potion            |       |       |       |     6 |       |     1 ||     7
 Armour: Robe              |     8 |    12 |       |       |       |       ||    20
         Steam dragon scal |       |       |    32 |    24 |       |       ||    56
         Scale mail        |       |       |       |   125 |   409 |   214 ||   748
  Dodge: Dodged            |    12 |     9 |     8 |    38 |    61 |    58 ||   186
  Block: Other             |       |       |       |    20 |    47 |    14 ||    81
         Reflection        |       |       |       |     2 |    12 |     2 ||    16

Levels and vault maps discovered:
D:1:      dpeg_arrival_arbitrary_b, layout_basic
D:2:      layout_basic, ebering_ecumenical_altar_rust, minmay_tiny_reverse_x
D:3:      layout_basic, minmay_misc_feat_four_crosses, uniq_terence
D:4:      gammafunk_wand_slinger, layout_rooms, serial_rivers,
          chequers_serial_rivers_large_a, chequers_serial_rivers_large_b,
          chequers_serial_rivers_room_b, chequers_serial_rivers_small_b,
          chequers_serial_rivers_small_3, minmay_misc_feat_alley
D:5:      layout_gridville, kennysheep_orc_sif_temple,
          lemuel_mausoleum_altar_yredelemnul, minmay_temple_entry_butterflies
D:6:      layout_loops_ring, serial_shops, nicolae_lakefront_shop
D:7:      layout_gridville, serial_bayou_ford_a, kennysheep_small_spiral,
          nrook_campfire, uniq_joseph
D:8:      layout_cave_pools, ebering_ghost_rock_garden, lightli_corner_chamber,
          uniq_jeremiah
D:9:      layout_loops_corners, hiddenorc2_lemuel
D:10:     layout_cave_pools, nicolae_shop_sticking_my_neck_out
D:11:     layout_basic, erik_lair_island, serial_shops, bzr_in_the_mist,
          portal_ice_cave_entry_imps, st_stairs_14, minmay_statues_item,
          uniq_erica, uniq_lodul
D:12:     layout_rooms, enter_trove_3, nicolae_shop_clearance
D:13:     layout_irregular_city, minmay_misc_feat_nine_boxes
D:14:     layout_rooms, erik_vaults_1, nicolae_water_bricks,
          nzn_hepliaklqana_mist_gate
D:15:     grunt_enter_depths_snipers, layout_rooms,
          gammafunk_ghost_wrathful_warriors, serial_bayou_lagoon_a,
          nicolae_benzene_ring, lightli_fourway_metalbox
Lair:1:   layout_concentric_octagons, lemuel_fruit_fields
Lair:2:   layout_long_grid, elwin_shoals_entry_rooms,
          guppyfry_snake_entry_island, uniq_harold
Lair:3:   layout_gridlike, ice2_lemuel
Lair:4:   minmay_lair_venomous_thicket, layout_misc_corridors,
          dpeg_slime_entry_enclosed, chequers_serial_rivers_small_a,
          serial_bayou_pond_d
Lair:5:   due_jungle_book, layout_loops_ring, gammafunk_ghost_necromancy,
          basic_altar, st_stairs_10
Orc:1:    nicolae_orc_accident_3, layout_diamond_mine
Orc:2:    st_orc_rangers, layout_caves, nicolae_orc_pool_cavern
Elf:1:    elf_arrival_002, layout_rooms, minmay_elf_sorcery

Notes
Turn   | Place    | Note
-------+----------+-------------------------------------------
     0 | D:1      | cforsyth the Djinni Fire Elementalist began the quest for
                  | the Orb.
     0 | D:1      | cforsyth set off with the following spells memorised:
                  | Foxfire, Scorch, Volatile Blastmotes, Inner Flame, Flame
                  | Wave.
     0 | D:1      | Reached XP level 1. HP: 15/15 MP: 0/0
    74 | D:1      | Reached XP level 2. HP: 20/22 MP: 0/0
    89 | D:1      | Reached skill level 1 in Fighting
   308 | D:1      | Reached XP level 3. HP: 25/27 MP: 0/0
   308 | D:1      | Learned a level 1 spell: Kiss of Death
   662 | D:1      | Reached skill level 2 in Fighting
  1097 | D:1      | Reached XP level 4. HP: 29/33 MP: 0/0
  1434 | D:2      | Found a faded altar of an unknown god.
  1728 | D:2      | Reached XP level 5. HP: 37/40 MP: 0/0
  1728 | D:2      | Learned a level 2 spell: Mercury Vapours
  1907 | D:2      | Reached skill level 3 in Fighting
  2065 | D:2      | Reached skill level 4 in Spellcasting
  2065 | D:2      | Reached skill level 4 in Conjurations
  2065 | D:2      | Reached skill level 4 in Hexes
  2065 | D:2      | Reached skill level 4 in Summonings
  2065 | D:2      | Reached skill level 4 in Necromancy
  2065 | D:2      | Reached skill level 4 in Translocations
  2065 | D:2      | Reached skill level 4 in Fire Magic
  2065 | D:2      | Reached skill level 4 in Ice Magic
  2065 | D:2      | Reached skill level 4 in Air Magic
  2065 | D:2      | Reached skill level 4 in Earth Magic
  2065 | D:2      | Reached skill level 4 in Alchemy
  2501 | D:3      | Noticed Terence
  2506 | D:3      | Killed Terence
  2603 | D:3      | Reached XP level 6. HP: 39/46 MP: 0/0
  2744 | D:3      | Noticed a black bear
  2752 | D:3      | Killed a black bear
  2753 | D:3      | Reached skill level 4 in Fighting
  3519 | D:4      | Noticed a steam dragon
  3527 | D:4      | Killed a steam dragon
  3528 | D:4      | Reached skill level 5 in Fighting
  3528 | D:4      | Reached skill level 5 in Spellcasting
  3528 | D:4      | Reached skill level 5 in Conjurations
  3528 | D:4      | Reached skill level 5 in Hexes
  3528 | D:4      | Reached skill level 5 in Summonings
  3528 | D:4      | Reached skill level 5 in Necromancy
  3528 | D:4      | Reached skill level 5 in Translocations
  3528 | D:4      | Reached skill level 5 in Fire Magic
  3528 | D:4      | Reached skill level 5 in Ice Magic
  3528 | D:4      | Reached skill level 5 in Air Magic
  3528 | D:4      | Reached skill level 5 in Earth Magic
  3528 | D:4      | Reached skill level 5 in Alchemy
  3528 | D:4      | Reached XP level 7. HP: 23/54 MP: 0/0
  3528 | D:4      | Learned a level 3 spell: Vampiric Draining
  3977 | D:4      | Found a transporter.
  3999 | D:4      | Reached XP level 8. HP: 50/61 MP: 0/0
  4131 | D:4      | Found a transporter.
  4145 | D:4      | Reached skill level 6 in Fighting
  4563 | D:5      | Entered Level 5 of the Dungeon
  4946 | D:5      | Found a staircase to the Ecumenical Temple.
  4998 | D:5      | Reached skill level 6 in Spellcasting
  4998 | D:5      | Reached skill level 6 in Conjurations
  4998 | D:5      | Reached skill level 6 in Hexes
  4998 | D:5      | Reached skill level 6 in Summonings
  4998 | D:5      | Reached skill level 6 in Necromancy
  4998 | D:5      | Reached skill level 6 in Translocations
  4998 | D:5      | Reached skill level 6 in Fire Magic
  4998 | D:5      | Reached skill level 6 in Ice Magic
  4998 | D:5      | Reached skill level 6 in Air Magic
  4998 | D:5      | Reached skill level 6 in Earth Magic
  4998 | D:5      | Reached skill level 6 in Alchemy
  5246 | D:5      | Identified the +7 scale mail of the Beekeeper {rN+}
  5312 | D:5      | Reached skill level 7 in Fighting
  5393 | D:5      | Reached XP level 9. HP: 35/68 MP: 0/0
  5393 | D:5      | Learned a level 3 spell: Fugue of the Fallen
  5768 | D:5      | Reached skill level 8 in Fighting
  5940 | D:5      | Found a basalt altar of Yredelemnul.
  6081 | D:6      | Reached skill level 7 in Spellcasting
  6081 | D:6      | Reached skill level 7 in Conjurations
  6081 | D:6      | Reached skill level 7 in Hexes
  6081 | D:6      | Reached skill level 7 in Summonings
  6081 | D:6      | Reached skill level 7 in Necromancy
  6081 | D:6      | Reached skill level 7 in Translocations
  6081 | D:6      | Reached skill level 7 in Fire Magic
  6081 | D:6      | Reached skill level 7 in Ice Magic
  6081 | D:6      | Reached skill level 7 in Air Magic
  6081 | D:6      | Reached skill level 7 in Earth Magic
  6081 | D:6      | Reached skill level 7 in Alchemy
  6653 | D:6      | Reached skill level 9 in Fighting
  7078 | D:6      | Found Canodes's Assorted Antiques.
  7086 | D:6      | Bought a scroll labelled VIAGAE YFIROST for 27 gold pieces
  7086 | D:6      | Bought a bubbling brown potion for 24 gold pieces
  7552 | D:7      | Reached XP level 10. HP: 54/78 MP: 0/0
  7821 | D:7      | Reached skill level 8 in Spellcasting
  7821 | D:7      | Reached skill level 8 in Conjurations
  7821 | D:7      | Reached skill level 8 in Hexes
  7821 | D:7      | Reached skill level 8 in Summonings
  7821 | D:7      | Reached skill level 8 in Necromancy
  7821 | D:7      | Reached skill level 8 in Translocations
  7821 | D:7      | Reached skill level 8 in Fire Magic
  7821 | D:7      | Reached skill level 8 in Ice Magic
  7821 | D:7      | Reached skill level 8 in Air Magic
  7821 | D:7      | Reached skill level 8 in Earth Magic
  7821 | D:7      | Reached skill level 8 in Alchemy
  8105 | D:7      | Reached skill level 10 in Fighting
  8340 | D:7      | Noticed Joseph
  8346 | D:7      | Killed Joseph
  9010 | D:8      | Noticed Jeremiah
  9027 | D:8      | Killed Jeremiah
  9363 | D:8      | Found a runed translucent gate.
  9364 | D:8      | Found a runed translucent gate.
  9364 | D:8      | Found a runed translucent gate.
  9364 | D:8      | Noticed ytrimaz's ghost (novice CoGl)
  9695 | D:9      | Reached skill level 11 in Fighting
  9834 | D:9      | Reached skill level 9 in Spellcasting
  9834 | D:9      | Reached skill level 9 in Conjurations
  9834 | D:9      | Reached skill level 9 in Hexes
  9834 | D:9      | Reached skill level 9 in Summonings
  9834 | D:9      | Reached skill level 9 in Necromancy
  9834 | D:9      | Reached skill level 9 in Translocations
  9834 | D:9      | Reached skill level 9 in Fire Magic
  9834 | D:9      | Reached skill level 9 in Ice Magic
  9834 | D:9      | Reached skill level 9 in Air Magic
  9834 | D:9      | Reached skill level 9 in Earth Magic
  9834 | D:9      | Reached skill level 9 in Alchemy
 10028 | D:9      | Found a staircase to the Orcish Mines.
 10094 | D:9      | Reached XP level 11. HP: 45/87 MP: 0/0
 10094 | D:9      | Learned a level 5 spell: Metabolic Englaciation
 11189 | D:9      | Noticed a two-headed ogre
 11193 | D:9      | Killed a two-headed ogre
 11488 | D:10     | Entered Level 10 of the Dungeon
 11563 | D:10     | Reached skill level 12 in Fighting
 11645 | D:10     | Found Mofieh Ozeu's Neck Hole.
 12075 | D:11     | Noticed Lodul
 12079 | D:11     | Noticed a cyclops
 12083 | D:11     | Killed a cyclops
 12084 | D:11     | Reached skill level 10 in Spellcasting
 12084 | D:11     | Reached skill level 10 in Conjurations
 12084 | D:11     | Reached skill level 10 in Hexes
 12084 | D:11     | Reached skill level 10 in Summonings
 12084 | D:11     | Reached skill level 10 in Necromancy
 12084 | D:11     | Reached skill level 10 in Translocations
 12084 | D:11     | Reached skill level 10 in Fire Magic
 12084 | D:11     | Reached skill level 10 in Ice Magic
 12084 | D:11     | Reached skill level 10 in Air Magic
 12084 | D:11     | Reached skill level 10 in Earth Magic
 12084 | D:11     | Reached skill level 10 in Alchemy
 12086 | D:11     | Killed Lodul
 12120 | D:11     | Found a staircase to the Lair.
 12126 | D:11     | Noticed a boulder beetle
 12141 | D:11     | Found a flickering gateway to a bazaar.
 12209 | Bazaar   | Entered a bazaar
 12211 | Bazaar   | Found Imufe's Armour Boutique.
 12216 | Bazaar   | Found Mium's Armour Boutique.
 12216 | Bazaar   | Found Puronomu's Book Boutique.
 12217 | Bazaar   | Found Ceomoat's Magic Scroll Boutique.
 12239 | Bazaar   | Bought a scroll of summoning for 104 gold pieces
 12239 | Bazaar   | Bought a scroll of summoning for 104 gold pieces
 12239 | Bazaar   | Bought a scroll of identify for 22 gold pieces
 12239 | Bazaar   | Bought a scroll of teleportation for 33 gold pieces
 12239 | Bazaar   | Bought a scroll of identify for 22 gold pieces
 12239 | Bazaar   | Bought a scroll of teleportation for 33 gold pieces
 12239 | Bazaar   | Bought a scroll of noise for 11 gold pieces
 12432 | D:11     | Found a frozen archway.
 12589 | IceCv    | Entered an ice cave
 12725 | IceCv    | Reached skill level 13 in Fighting
 12825 | IceCv    | Reached XP level 12. HP: 91/98 MP: 0/0
 12894 | IceCv    | Noticed a quicksilver ooze
 12903 | IceCv    | Killed a quicksilver ooze
 13609 | IceCv    | Noticed a quicksilver ooze
 13618 | IceCv    | Killed a quicksilver ooze
 13630 | IceCv    | Reached skill level 11 in Spellcasting
 13630 | IceCv    | Reached skill level 11 in Conjurations
 13630 | IceCv    | Reached skill level 11 in Hexes
 13630 | IceCv    | Reached skill level 11 in Summonings
 13630 | IceCv    | Reached skill level 11 in Necromancy
 13630 | IceCv    | Reached skill level 11 in Translocations
 13630 | IceCv    | Reached skill level 11 in Fire Magic
 13630 | IceCv    | Reached skill level 11 in Ice Magic
 13630 | IceCv    | Reached skill level 11 in Air Magic
 13630 | IceCv    | Reached skill level 11 in Earth Magic
 13630 | IceCv    | Reached skill level 11 in Alchemy
 13943 | IceCv    | Noticed a quicksilver ooze
 13986 | IceCv    | Noticed an azure jelly
 13997 | IceCv    | Killed an azure jelly
 13998 | IceCv    | Reached skill level 14 in Fighting
 14090 | IceCv    | Killed a quicksilver ooze
 14294 | IceCv    | Found a viscous altar of Jiyva.
 14312 | IceCv    | Identified the +10 plate armour of Alip {Str+3}
 14316 | IceCv    | Identified the amulet "Teidar" {Reflect rElec Will- Str+4
                  | Dex+3 SH+5}
 15192 | D:11     | Noticed Erica
 15200 | D:11     | Killed Erica
 15436 | D:11     | Killed a boulder beetle
 15437 | D:11     | Reached XP level 13. HP: 52/106 MP: 0/0
 15437 | D:11     | Learned a level 5 spell: Curse of Agony
 16037 | D:12     | Found Hihaamm's CLEARANCE SALE!.
 16062 | D:12     | Reached skill level 15 in Fighting
 16082 | D:12     | Identified a scroll of acquirement
 16083 | D:12     | Acquired 916 gold pieces
 16269 | D:6      | Bought a pair of runed gloves for 202 gold pieces
 16673 | D:12     | Found a portal to a secret trove of treasure.
 16813 | D:13     | Identified the +0 chain mail of Dishonesty {Will- MP+9
                  | Str+3 SInv}
 17026 | D:13     | Noticed a centaur warrior
 17030 | D:13     | Killed a centaur warrior
 17031 | D:13     | Reached skill level 12 in Spellcasting
 17031 | D:13     | Reached skill level 12 in Conjurations
 17031 | D:13     | Reached skill level 12 in Hexes
 17031 | D:13     | Reached skill level 12 in Summonings
 17031 | D:13     | Reached skill level 12 in Necromancy
 17031 | D:13     | Reached skill level 12 in Translocations
 17031 | D:13     | Reached skill level 12 in Fire Magic
 17031 | D:13     | Reached skill level 12 in Ice Magic
 17031 | D:13     | Reached skill level 12 in Air Magic
 17031 | D:13     | Reached skill level 12 in Earth Magic
 17031 | D:13     | Reached skill level 12 in Alchemy
 17934 | Lair:1   | Entered Level 1 of the Lair of Beasts
 18635 | Lair:1   | Noticed a catoblepas
 18643 | Lair:1   | Killed a catoblepas
 19769 | Lair:2   | Found a staircase to the Snake Pit.
 19774 | Lair:2   | Reached skill level 16 in Fighting
 20216 | Lair:2   | Noticed Harold
 20225 | Lair:2   | Killed Harold
 20689 | Lair:2   | Reached XP level 14. HP: 70/117 MP: 0/0
 21024 | Lair:2   | Reached skill level 13 in Spellcasting
 21024 | Lair:2   | Reached skill level 13 in Conjurations
 21024 | Lair:2   | Reached skill level 13 in Hexes
 21024 | Lair:2   | Reached skill level 13 in Summonings
 21024 | Lair:2   | Reached skill level 13 in Necromancy
 21024 | Lair:2   | Reached skill level 13 in Translocations
 21024 | Lair:2   | Reached skill level 13 in Fire Magic
 21024 | Lair:2   | Reached skill level 13 in Ice Magic
 21024 | Lair:2   | Reached skill level 13 in Air Magic
 21024 | Lair:2   | Reached skill level 13 in Earth Magic
 21024 | Lair:2   | Reached skill level 13 in Alchemy
 21826 | Lair:2   | Found a staircase to the Shoals.
 21875 | Lair:2   | Identified 2 potions of resistance
 22452 | Lair:3   | Reached skill level 17 in Fighting
 26326 | Lair:4   | Found a viscous altar of Jiyva.
 26326 | Lair:4   | Found a staircase to the Slime Pits.
 26449 | Lair:5   | Entered Level 5 of the Lair of Beasts
 26457 | Lair:5   | Reached skill level 14 in Spellcasting
 26457 | Lair:5   | Reached skill level 14 in Conjurations
 26457 | Lair:5   | Reached skill level 14 in Hexes
 26457 | Lair:5   | Reached skill level 14 in Summonings
 26457 | Lair:5   | Reached skill level 14 in Necromancy
 26457 | Lair:5   | Reached skill level 14 in Translocations
 26457 | Lair:5   | Reached skill level 14 in Fire Magic
 26457 | Lair:5   | Reached skill level 14 in Ice Magic
 26457 | Lair:5   | Reached skill level 14 in Air Magic
 26457 | Lair:5   | Reached skill level 14 in Earth Magic
 26457 | Lair:5   | Reached skill level 14 in Alchemy
 26881 | Lair:5   | Reached XP level 15. HP: 79/126 MP: 0/0
 26881 | Lair:5   | Learned a level 6 spell: Sculpt Simulacrum
 27040 | Lair:5   | Reached skill level 18 in Fighting
 27144 | Lair:5   | Found a basalt altar of Yredelemnul.
 28209 | Lair:5   | Found a runed translucent gate.
 28209 | Lair:5   | Found a runed translucent gate.
 28209 | Lair:5   | Found a runed translucent gate.
 28214 | Lair:5   | Noticed ytrimaz's ghost (journeyman CoGl)
 29940 | Lair:5   | HP: 12/128 [dire elephant (5)]
 29967 | Lair:4   | Upgraded the game from 0.32-a0-361-g289a535e89 to
                  | 0.32-a0-391-gce5c0aab1b
 30572 | Lair:5   | Reached skill level 19 in Fighting
 31623 | D:8      | Killed ytrimaz's ghost
 32150 | D:14     | Noticed a deep elf sorcerer
 32256 | Orc:1    | Entered Level 1 of the Orcish Mines
 32727 | Orc:2    | Entered Level 2 of the Orcish Mines
 32760 | Orc:2    | Reached skill level 15 in Spellcasting
 32760 | Orc:2    | Reached skill level 15 in Conjurations
 32760 | Orc:2    | Reached skill level 15 in Hexes
 32760 | Orc:2    | Reached skill level 15 in Summonings
 32760 | Orc:2    | Reached skill level 15 in Necromancy
 32760 | Orc:2    | Reached skill level 15 in Translocations
 32760 | Orc:2    | Reached skill level 15 in Fire Magic
 32760 | Orc:2    | Reached skill level 15 in Ice Magic
 32760 | Orc:2    | Reached skill level 15 in Air Magic
 32760 | Orc:2    | Reached skill level 15 in Earth Magic
 32760 | Orc:2    | Reached skill level 15 in Alchemy
 32962 | Orc:2    | Found a staircase to the Elven Halls.
 34422 | Orc:2    | Found Zonorghue's Book Shop.
 34422 | Orc:2    | Found Utash's Assorted Antiques.
 34422 | Orc:2    | Found Enyppifio's Armour Shoppe.
 34425 | Orc:2    | Found Asetiekytz's Weapon Boutique.
 34435 | Orc:2    | Reached XP level 16. HP: 125/135 MP: 0/0
 34645 | Orc:2    | HP: 12/135 [orc warrior/+0 dire flail[an orc warlord] (3)]
 35415 | Orc:2    | Reached skill level 1 in Shields
 35575 | Elf:1    | Entered Level 1 of the Elven Halls
 36154 | Orc:2    | Reached skill level 3 in Dodging
 36474 | Elf:1    | Reached skill level 2 in Shields
 37087 | Elf:1    | Reached skill level 4 in Dodging
 37700 | D:13     | Reached skill level 3 in Shields
 38178 | D:14     | Killed a deep elf sorcerer
 38181 | D:14     | Reached skill level 5 in Dodging
 38342 | D:14     | Identified the +3 chain mail "Zotwall" {Will+ Dex-3 Slay+3}
 38367 | D:14     | Reached skill level 4 in Shields
 38387 | D:14     | Identified the +1 chain mail "Vuta" {rN+ Str+3}
 39214 | D:14     | You are sucked into a shaft and drop 1 floor!
 39214 | D:15     | Entered Level 15 of the Dungeon
 39350 | D:14     | Slain by a +10 long sword

Vanquished Creatures
  An azure jelly (IceCv)
  A deep elf sorcerer (D:14)
  3 quicksilver oozes (IceCv)
  An orc warlord (Orc:2)
  A deep elf death mage (Elf:1)
  4 dire elephants (Lair:5)
  Harold (Lair:2)
  3 hydras
  Erica (D:11)
  4 centaur warriors
  A catoblepas (Lair:1)
  2 two-headed ogres
  4 boulder beetles
  4 death yaks (Lair:5)
  A spectral dire elephant (Lair:5)
  The ghost of ytrimaz the Cleaver, a novice CoGl (D:8)
  2 deep elf knights (Elf:1)
  Lodul (D:11)
  3 skysharks
  A spectral anaconda (Lair:5)
  A lindwurm (Lair:5)
  2 deep elf archers (D:14)
  A harpy (shapeshifter) (D:14)
  5 deep elf pyromancers
  4 necromancers (Lair:5)
  An orc knight (Orc:2)
  7 deep elf zephyrmancers
  A manticore (D:14)
  An orc sorcerer (Orc:1)
  8 ugly things
  4 cyclopes
  3 meliai
  3 kobold blastminers (Orc:2)
  2 dire elephant zombies (Lair:5)
  21 elephants
  10 black mambas
  A merfolk siren (Lair:2)
  Joseph (D:7)
  17 cane toads
  A gargoyle (D:11)
  A dire elephant skeleton (Lair:5)
  4 ice statues
  A freezing wraith (D:10)
  9 komodo dragons
  Jeremiah (D:8)
  2 tengu conjurers
  4 rime drakes
  An ice devil (Lair:3)
  2 polar bears (Lair:3)
  11 trolls
  2 hornets
  A troll (shapeshifter) (D:14)
  13 blink frogs
  10 slime creatures
  A spriggan (shapeshifter) (D:13)
  A vampire (D:10)
  2 shadows (D:12)
  A water elemental (D:11)
  5 wyverns
  A dire elephant simulacrum (Lair:5)
  A fire elemental (Elf:1)
  31 yaks
  3 basilisks
  5 wraiths
  A warg (D:9)
  A death yak simulacrum (Lair:5)
  5 steam dragons
  2 spectral cane toads (Lair:5)
  A naga (Lair:2)
  3 great orb of eyes simulacra (IceCv)
  14 water moccasins
  35 orc warriors
  5 black bears
  7 ice beasts
  A sky beast (D:8)
  12 wolves
  10 ogres
  22 centaurs
  4 elephant skeletons (Lair:5)
  3 phantoms
  5 slime creature simulacra (IceCv)
  A kobold brigand (D:6)
  2 weeping skulls (D:5)
  8 bullfrogs
  A glowing shapeshifter simulacrum (IceCv)
  2 cane toad simulacra (Lair:5)
  A wight (D:5)
  3 killer bees (D:9)
  4 howler monkeys
  5 electric eels
  A centaur zombie (D:5)
  A human zombie (D:5)
  3 bullfrog zombies (D:5)
  A lava snake (D:7)
  A jelly (D:4)
  3 bombardier beetles
  7 hounds
  11 orc priests
  2 iguanas (D:7)
  A gnoll bouda (D:5)
  4 sleepcaps
  Terence (D:3)
  24 orc wizards
  3 shapeshifter simulacra (IceCv)
  2 hound zombies (D:5)
  A mummy (D:5)
  10 gnolls
  13 adders
  5 shadow imps
  16 white imps
  2 ufetubi (D:5)
  A ribbon worm (D:3)
  5 dart slugs
  85 orcs
  10 ball pythons
  5 endoplasms
  6 giant cockroaches
  7 goblins
  7 hobgoblins
  9 jackals (D:1)
  2 quokkas
  6 bats
  2 frilled lizards
  12 kobolds
  5 rats
679 creatures vanquished.

Vanquished Creatures (collateral kills)
  An orc warrior (D:14)
  18 foxfires
19 creatures vanquished.

Vanquished Creatures (others)
  2491 foxfires
2491 creatures vanquished.

Grand Total: 3189 creatures vanquished

Table legend: (Time is in decaauts)
 A = Elapsed time spent in this place.
 B = Non-inter-level travel time spent in this place.
 C = Inter-level travel time spent in this place.
 D = Time resting spent in this place.
 E = Time spent auto-exploring this place.
 F = Levels seen in this place.
 G = Mean time per level.
                   A        B        C        D        E       F      G
               +--------+--------+--------+--------+--------+-----+--------+
         Total |  39403 |  37589 |   1814 |   9742 |  21786 |  25 | 1576.1 |
       Dungeon |  19495 |  18079 |   1416 |   2757 |  12387 |  15 | 1299.7 |
          Lair |  13161 |  12873 |    288 |   4013 |   6832 |   5 | 2632.2 |
  Orcish Mines |   4171 |   4061 |    110 |   1929 |   1598 |   2 | 2085.5 |
   Elven Halls |    545 |    545 |      0 |    279 |    135 |   1 |  545.0 |
        Bazaar |    174 |    174 |      0 |    135 |      0 |   1 |  174.0 |
      Ice Cave |   1855 |   1855 |      0 |    629 |    834 |   1 | 1855.0 |
               +--------+--------+--------+--------+--------+-----+--------+

Top non-repeatable levels by time:
  Lair:5: 3609 daAuts
  Lair:2: 3014 daAuts
    D:13: 2879 daAuts
   Orc:2: 2689 daAuts
  Lair:1: 2396 daAuts
     D:9: 2349 daAuts
  Lair:4: 2140 daAuts
    D:11: 2001 daAuts
  Lair:3: 2000 daAuts
   IceCv: 1855 daAuts
     D:5: 1745 daAuts
     D:7: 1493 daAuts
   Orc:1: 1481 daAuts
     D:1: 1426 daAuts
     D:4: 1174 daAuts

Table legend:
 A = Non-vault XP
 B = Vault XP
 C = Vault XP percentage of total XP
 D = Non-vault monster count
 E = Vault monster count
 F = Vault count percentage of total count
                 A         B        C        D         E       F
            +---------+---------+-------+---------+---------+-------
      Total |   85965 |   50064 |  36.8 |     454 |     226 |  33.2
            +---------+---------+-------+---------+---------+-------
        D:1 |      82 |       0 |   0.0 |      28 |       0 |   0.0
        D:2 |      93 |       5 |   5.1 |      21 |       2 |   8.7
        D:3 |     228 |      37 |  14.0 |      17 |       1 |   5.6
        D:4 |     707 |     154 |  17.9 |      25 |       5 |  16.7
        D:5 |     812 |     636 |  43.9 |      22 |      14 |  38.9
        D:6 |    1125 |       0 |   0.0 |      25 |       0 |   0.0
        D:7 |    1389 |     456 |  24.7 |      16 |       1 |   5.9
        D:8 |     854 |    1144 |  57.3 |      13 |       2 |  13.3
        D:9 |    2731 |     576 |  17.4 |      30 |      32 |  51.6
       D:10 |    1730 |       0 |   0.0 |      13 |       0 |   0.0
       D:11 |    3822 |    3691 |  49.1 |      11 |      29 |  72.5
       D:12 |    2212 |       0 |   0.0 |       5 |       0 |   0.0
       D:13 |    8371 |       0 |   0.0 |      20 |       0 |   0.0
       D:14 |   10814 |       0 |   0.0 |      24 |       0 |   0.0
       D:15 |    1017 |       0 |   0.0 |       2 |       0 |   0.0
     Lair:1 |    5978 |       0 |   0.0 |      27 |       0 |   0.0
     Lair:2 |   12813 |    1657 |  11.5 |      40 |       4 |   9.1
     Lair:3 |    7727 |    2442 |  24.0 |      26 |      11 |  29.7
     Lair:4 |    3800 |    1199 |  24.0 |       9 |      11 |  55.0
     Lair:5 |   10539 |   19194 |  64.6 |      29 |      39 |  57.4
      Orc:1 |    1590 |     293 |  15.6 |      20 |       6 |  23.1
      Orc:2 |    3060 |    8341 |  73.2 |      24 |      41 |  63.1
      Elf:1 |    4471 |    1807 |  28.8 |       7 |       3 |  30.0
      IceCv |       0 |    8432 | 100.0 |       0 |      25 | 100.0
            +---------+---------+-------+---------+---------+-------
